 Dungeon Crawl Stone Soup version 0.30.0-10-gfe55d96785 (webtiles) character file.

Game seed: 4663794354152953576

109 hawla the Grave Robber (level 5, -2/38 HPs)
             Began as a Meteoran Necromancer on May 14, 2023.
             Slain by an ice beast (4 damage)
             ... on level 4 of the Dungeon.
             The game lasted 00:03:56 (456 turns).

hawla the Grave Robber (Meteoran Necromancer)        Turns: 456, Time: 00:03:57

Health: -2/38      AC: -2    Str:  9    XL:     5   Next: 36%
Magic:  2/13       EV: 12    Int: 19    God:
Gold:   64         SH:  0    Dex: 14    Spells: 9/13 levels left

rFire   . . .        f - +0 flail
rCold   . . .        (no shield)
rNeg    . . .        a - +0 robe
rPois   .            (no helmet)
rElec   .            (no cloak)
rCorr   .            (no gloves)
SInv    .            (no boots)
Will    .....        (no amulet)
Stlth   +            (no ring)
HPRegen 0.26/turn    (no ring)
MPRegen 0.13/turn

%: no passive effects
@: about to teleport, corroded, glowing
A: sense surroundings 1, otherworldly, glowing, explore regen
a: no special abilities


You were on level 4 of the Dungeon.
You visited 1 branch of the dungeon, and saw 4 of its levels.

You collected 64 gold pieces.

Inventory:

Hand Weapons
 f - a +0 flail (weapon)
Armour
 a - a +0 robe (worn)
Scrolls
 d - a scroll of enchant armour {unknown}
 h - a scroll of fog {unknown}
Potions
 b - a potion of magic
 c - a potion of haste {unknown}
 e - 2 potions of curing {unknown}
 i - a potion of attraction {unknown}


   Skills:
 + Level 0.2 Fighting
 + Level 0.3 Maces & Flails
 + Level 2.5 Dodging
 - Level 1.4 Stealth
 + Level 4.7 Spellcasting
 + Level 5.4 Necromancy


You had 9 spell levels left.
You knew the following spells:

 Your Spells              Type           Power      Damage    Failure   Level
a - Necrotise             Necr           100%       1d9       1%          1
b - Vampiric Draining     Necr           25%        2d7       4%          3

Your spell library contained the following spells:

 Spells                   Type           Power      Damage    Failure   Level
 Freeze                   Ice            16%        1d4       13%         1
 Animate Dead             Necr           25%        N/A       14%         4
 Frozen Ramparts          Ice            8%         1d2       36%         3
 Hailstorm                Conj/Ice       4%         3d4       36%         3
 Agony                    Necr           25%        N/A       36%         5


Dungeon Overview and Level Annotations

Branches:
Dungeon (4/15) Zot: 1912
 Temple: D:4-7

Altars:


Innate Abilities, Weirdness & Mutations

You passively map a small area around you.
You are easily found by Zot.
You glow in the dark.
You regain HP and MP as you explore.


Message History

The hobgoblin barely misses your orc wizard skeleton.
Your surroundings suddenly seem different.
An ice beast, an ogre and a jelly come into view.
The ogre shouts!
The jelly quivers.
Your magical contamination has completely faded away.
Unknown command.
Casting: Necrotise (safe; 1% risk of failure)
Confirm with . or Enter, or press ? or * to list all spells.
Aiming: Necrotise (safe; 1% risk of failure)
Press: ? - help, Shift-Dir - straight line, f - ice beast
Aim: an ice beast (chance to affect: 83%)
The ice beast writhes in agony!
Casting: Necrotise (safe; 1% risk of failure)
Confirm with . or Enter, or press ? or * to list all spells.
Aiming: Necrotise (safe; 1% risk of failure)
Press: ? - help, Shift-Dir - straight line, f/p - ice beast
Aim: an ice beast (moderately wounded, chance to affect: 83%)
The ice beast writhes in agony.
The ice beast barely misses you.
Casting: Necrotise (safe; 1% risk of failure)
Confirm with . or Enter, or press ? or * to list all spells.
Aiming: Vampiric Draining (dangerous; 4% risk of failure)
Press: ? - help, Shift-Dir - straight line, f - jelly, p - ice beast
Aim: a jelly You draw life force from the jelly.
The ice beast closely misses you. The jelly closely misses you.
Unknown command.
Casting: Vampiric Draining (dangerous; 4% risk of failure)
Confirm with . or Enter, or press ? or * to list all spells.
Aiming: Vampiric Draining (dangerous; 4% risk of failure)
Press: ? - help, Shift-Dir - straight line, f/p - jelly
Aim: a jelly (lightly wounded)
You draw life force from the jelly!
The jelly hits you. The acid corrodes you!
You are splashed with acid!
The ice beast hits you. The ice beast freezes you!
Unknown command.
As you read the scroll of teleportation, it crumbles to dust.
You feel strangely unstable. The jelly hits you.
You are splashed with acid!
* * * LOW HITPOINT WARNING * * *
The ice beast hits you.
You die...

, #..#* ,, , , #O.
, * ,,, #.. ,
#.########### *
,#.##........# *
**#.##........#
##.###.##........#
..............J...#
##............Y@..#
#............O...#
#............#####
#...########## ##.#
* * #. * ** ** , .
, * , ** * , ^ ,


You could see an ice beast, an ogre and a jelly.

Vanquished Creatures
  3 orc wizards (D:4)
  A dart slug (D:2)
  5 orcs (D:4)
  2 endoplasms
  2 giant cockroaches
  A goblin (D:4)
  5 hobgoblins
  A quokka (D:2)
  2 ball pythons
  2 frilled lizards
  A kobold (D:3)
  3 rats
28 creatures vanquished.

Notes
Turn   | Place    | Note
-------+----------+-------------------------------------------
     0 | D:1      | hawla the Meteoran Necromancer began the quest for the Orb.
     0 | D:1      | Reached XP level 1. HP: 14/14 MP: 5/5
    61 | D:1      | Reached XP level 2. HP: 20/20 MP: 3/6
   237 | D:3      | Reached XP level 3. HP: 26/26 MP: 1/8
   302 | D:3      | Learned a level 3 spell: Vampiric Draining
   410 | D:4      | Reached skill level 5 in Necromancy
   414 | D:4      | Reached XP level 4. HP: 29/33 MP: 0/11
   419 | D:4      | Reached XP level 5. HP: 35/38 MP: 1/12
   434 | D:4      | Noticed an ogre
   442 | D:4      | Noticed an ice beast
   442 | D:4      | Noticed an ogre
   456 | D:4      | Slain by an ice beast

Illustrated notes

Levels and vault maps discovered:
D:1:      dpeg_arrival_solitude, layout_rooms, kennysheep_doodads,
          corexii_leaking_fountain
D:2:      layout_loops_ring, shapermc_ecumenical_altar_acropolis
D:3:      layout_rooms, palyth_temple_overflow_mages, minmay_misc_feat_pillars,
          kennysheep_cluttered_room, serial_park_tiny_2
D:4:      cheibrodos_fertilizer, layout_basic, nicolae_qazlal_scattered_showers,
          mainiacjoe_overflow_chevrons, grunt_ministairs_15,
          minmay_manual_monstrance

Skill      XL: |  1  2  3 |
---------------+----------+-----
Spellcasting   | 3 4 |  4.7
Necromancy     | 5 |  5.4
Fighting       | |  0.2
Maces & Flails | |  0.3
Dodging        | |  2.5
Stealth        | |  1.4

Action                     |  1- 3 |  4- 6 || total
---------------------------+-------+-------++-------
  Melee: Flail             |     5 |     4 ||     9
         Unarmed           |     1 |       ||     1
   Cast: Necrotise         |    44 |     9 ||    53
         Vampiric Draining |       |     2 ||     2
    Use: Scroll            |     2 |     2 ||     4
 Armour: Robe              |     1 |     1 ||     2
  Dodge: Dodged            |    14 |     8 ||    22
